 Dungeon Crawl Stone Soup version 0.18-a0-1109-gfc003ac (webtiles) character file.

84 sugabear the Ducker (level 4, -2/34 HPs)
             Began as a Vine Stalker Gladiator on Jan 16, 2016.
             Slain by a gnoll
             ... wielding a +1 spear of chaos
              (4 damage)
             ... on level 3 of the Dungeon.
             The game lasted 00:02:09 (1247 turns).

sugabear the Ducker (Vine Stalker Gladiator)        Turns: 1247, Time: 00:02:09

Health: -2/34      AC:  6    Str: 24    XL:     4   Next: 46%
Magic:  0/5        EV: 12    Int:  8    God:
Gold:   139        SH:  0    Dex: 14    Spells: 0 memorised, 3 levels left

rFire  . . .     SeeInvis .     a - +0 flail
rCold  . . .     Gourm    .     l - +0 ring mail
rNeg   . . .     Faith    .     (no shield)
rPois  .         Spirit   +     c - +0 helmet
rElec  .         Dismiss  .     (no cloak)
rCorr  .         Reflect  .     (no gloves)
SustAt .         Harm     .     (no boots)
MR     .....                    (no amulet)
Stlth  ..........               (no ring)
                                (no ring)

@: berserking, lethally poisoned (-2 -> -6), very quick, not resistant to
hostile enchantments, extremely unstealthy
A: fangs 2, regeneration 1, magic shield, antimagic bite, no device heal 3, rot
immunity
a: no special abilities


You were on level 3 of the Dungeon.
You were not hungry.

You visited 1 branch of the dungeon, and saw 3 of its levels.

You collected 139 gold pieces.

Inventory:

Hand Weapons
 a - a +0 flail (weapon)
Missiles
 d - 3 throwing nets (quivered)
Armour
 c - a +0 helmet (worn)
 l - a +0 ring mail (worn)
Jewellery
 k - an uncursed ring of flight {unknown}
Scrolls
 e - 4 scrolls of identify {unknown}
 h - 4 scrolls of teleportation {unknown}
 m - a scroll of recharging {unknown}
 o - a scroll of noise {unknown}
 p - a scroll of enchant weapon {unknown}
Potions
 i - a potion of flight {unknown}
 n - a potion of cancellation {unknown}
 q - 2 potions of poison {unknown}
 r - a potion of brilliance {unknown}
Comestibles
 b - 4 fruits
 f - 2 bread rations
 g - a meat ration
 j - a slice of pizza
 s - 2 chunks of flesh


   Skills:
 + Level 2.2 Fighting
 + Level 3.2 Maces & Flails
 + Level 1.9 Throwing
 + Level 0.8 Armour
 + Level 3.3 Dodging


You had 3 spell levels left.
You didn't know any spells.

Dungeon Overview and Level Annotations

Branches:
Dungeon (3/15)

Altars:
Ashenzari
Fedhas
Xom
Yredelemnul


Innate Abilities, Weirdness & Mutations

You have extremely sharp teeth.
Your natural rate of healing is unusually fast.
When hurt, damage is shared between your health and your magic reserves.
Your bite disrupts and absorbs the magic of your enemies.
Potions and wands cannot restore your health.
You are immune to rotting.


Message History

You feel sick. The gnoll hits you but does no damage.
The gnoll hits you from afar with a spear of chaos. x2
A red film seems to cover your vision as you go berserk!
You feel yourself moving faster!
You feel mighty!
You feel sick. The gnoll barely misses you.
The gnoll hits you but does no damage.
The gnoll hits you from afar with a spear of chaos!
* * * LOW HITPOINT WARNING * * *
The gnoll freezes you.
* * * LOW HITPOINT WARNING * * *
You can move again.
You are too injured to fight recklessly!
You are too injured to fight recklessly!
You are too injured to fight recklessly!
Your ring mail prevents you from hitting the gnoll.
You bite the gnoll, but do no damage.
* * * LOW HITPOINT WARNING * * *
You feel sick.
The gnoll hits you from afar with a spear of chaos.
You die...

..........# #..### #..........
..........# #.###≈_≈##.[.......
..........#######≈##..≈##<.......
..............## ..≈.≈# ##....###
..###########.#.#..≈⌠##. #...## #
## #.#≈^.###⌠.. ##### #
#.#≈##⌠..$.# # #.##.≈..⌠... #
#.#.@≈≈..# #..≈#g≈..# #####ggg≈#
gg..#≈. ##...#. ≈.§^# #≈## ≈#


You could see 6 gnolls.

Vanquished Creatures
  Terence (D:2)
  A worm (D:3)
  4 orcs (D:3)
  A giant cockroach (D:2)
  3 goblins (D:1)
  7 hobgoblins
  A ball python (D:1)
  11 bats
  A giant gecko skeleton (D:3)
  4 giant newts
  8 kobolds
  12 rats
54 creatures vanquished.

Notes
Turn   | Place    | Note
--------------------------------------------------------------
     0 | D:1      | sugabear the Vine Stalker Gladiator began the quest for the Orb.
     0 | D:1      | Reached XP level 1. HP: 11/11 MP: 2/2
   146 | D:1      | Reached XP level 2. HP: 15/15 MP: 3/3
   628 | D:2      | Found a blossoming altar of Fedhas.
   638 | D:2      | Reached XP level 3. HP: 18/18 MP: 4/4
   713 | D:2      | Reached skill level 3 in Dodging
   809 | D:2      | Found a shattered altar of Ashenzari.
   865 | D:2      | Noticed Terence
   885 | D:2      | Killed Terence
   885 | D:2      | Reached XP level 4. HP: 10/23 MP: 3/5
  1154 | D:3      | Found a basalt altar of Yredelemnul.
  1239 | D:3      | Found a shimmering altar of Xom.
  1240 | D:3      | Paralysed by a gnoll for 7 turns
  1247 | D:3      | Slain by a gnoll

Vault maps used:
D:1:      ncdulo_watergridlock, minmay_quantized
D:2:      ashenzari_conservatory_becter, fedhas_altar_1,
          minmay_misc_feat_four_crosses, uniq_terence
D:3:      tgw_xom, yredelemnul_altar_generic

Action                   |  1- 3 |  4- 6 || total
-------------------------+-------+-------++-------
Melee: Flail             |    96 |    40 ||   136
  Eat: Chunk             |       |     1 ||     1
